[Event "January 9 Early 2024"]
[Site "https://www.chess.com"]
[Date "2024.01.11"]
[Round "7"]
[White "Tejedor Fuente, Enrique"]
[Black "Sadhwani, Raunak"]
[Result "1/2-1/2"]
[Board "266"]
[TimeControl "180+1"]
[WhiteFideId "2299100"]
[BlackFideId "35093487"]
[WhiteElo "2728"]
[BlackElo "3054"]
[WhiteTeam "ESP"]
[BlackTeam "IND"]
[WhiteClock "0:00:02"]
[BlackClock "0:00:03"]

1. b3 g6 2. Bb2 Nf6 3. Bxf6 exf6 4. c4 f5 5. e3 d5 6. cxd5 Qxd5 7. Nc3 Qd8 8. Nge2 Bg7 9. g3 O-O 10. Bg2 c6 11. O-O Nd7 12. d4 Nf6 13. b4 Bd7 14. b5 cxb5 15. Bxb7 Rb8 16. Bg2 a5 17. a3 Qe7 18. Nf4 Rfc8 19. Qd3 Qd6 20. Rfb1 b4 21. axb4 axb4 22. Na4 Ne4 23. Nb2 Bb5 24. Qb3 Nd2 25. Qd5 Qe7 26. Rc1 Rd8 27. Qa2 Ne4 28. Nd1 h5 29. h4 Kh7 30. Bf1 Bxf1 31. Kxf1 b3 32. Qe2 Bh6 33. Nd3 Qe6 34. Rab1 Qd5 35. Kg1 Qb5 36. Nc3 Qa6 37. Nxe4 fxe4 38. Nf4 Qa4 39. Rc7 Rd7 40. Rc5 Bxf4 41. gxf4 Rdb7 42. Rb2 Qa1+ 43. Kg2 Qa4 44. f5 Qd7 45. f4 Qd6 46. Kg3 Qf6 47. fxg6+ fxg6 48. Rg5 Kh8 49. Qc4 Rb4 50. Qd5 R4b6 51. Qxe4 Re6 52. Qd3 Rbe8 53. Re5 Rxe5 54. dxe5 Rxe5 55. Rxb3 Re7 56. Qc3 Qxc3 57. Rxc3 Kg7 58. Kf3 Ra7 59. Rc1 Ra2 60. Rh1 Kf6 61. Rh3 Kf5 62. Rg3 Rh2 63. Rg5+ Kf6 64. Kg3 Re2 65. Re5 Re1 66. Kf2 Rh1 67. Kg3 Rg1+ 68. Kh2 Rf1 69. Kg2 Re1 70. Re8 Kf5 71. Kf2 Ra1 72. Re5+ Kf6 73. Rd5 Rh1 74. Kg2 Re1 75. Kf3 Rg1 76. Rd6+ Kg7 77. Rd7+ Kf6 78. Rd6+ Kf7 79. Rd2 Rg4 80. Rh2 Kf6 81. Rh1 Kf5 82. e4+ Kf6 83. Ke3 Rg3+ 84. Kf2 Rg4 85. Kf3 Ke6 86. Rh2 Kf6 87. Rg2 Rxh4 88. Rg3 Rh1 89. Rg2 Rh3+ 90. Rg3 Rh4 91. Rg2 Rh3+ 92. Rg3 Rh1 93. Rg2 Rf1+ 94. Ke3 Ra1 95. Rc2 Ra3+ 96. Kf2 h4 97. Rc6+ Kg7 98. Kg2 Kh6 99. f5 Rg3+ 100. Kh2 Kh5 101. f6 Kh6 102. e5 g5 103. f7+ Kg7 104. Rf6 Kf8 105. Rf5 g4 106. Rf4 Rh3+ 107. Kg2 Rg3+ 108. Kh2 Ra3 109. e6 Re3 110. Rf6 Re2+ 111. Kg1 g3 112. Rg6 Re1+ 113. Kg2 Re2+ 114. Kf1 Rf2+ 115. Kg1 Ke7 116. Rg8 h3 117. Rxg3 h2+ 118. Kh1 Kxe6 119. Re3+ Kxf7 120. Rh3 Kf6 121. Rxh2 Rxh2+ 122. Kxh2 1/2-1/2

[Event "January 9 Early 2024"]
[Site "https://www.chess.com"]
[Date "2024.01.11"]
[Round "8"]
[White "Fernandez Hernandez, Gerardo"]
[Black "Alexanian, Nelli"]
[Result "1-0"]
[Board "1"]
[TimeControl "180+1"]
[WhiteFideId "2207400"]
[BlackFideId "4170539"]
[WhiteElo "2312"]
[BlackElo "1978"]
[WhiteTeam "ESP"]
[BlackTeam "TUR"]
[WhiteClock "0:02:45"]
[BlackClock "0:02:16"]

1. e4 e6 2. d3 b5 3. g3 c5 4. Bg2 Bb7 5. a4 b4 6. Nf3 d6 7. O-O Ne7 8. Nbd2 g6 9. a5 Bg7 10. Nc4 Nd7 11. Nxd6+ 1-0

[Event "January 9 Early 2024"]
[Site "https://www.chess.com"]
[Date "2024.01.11"]
[Round "8"]
[White "Dyulgerov, Volen"]
[Black "Glashausser, Sho"]
[Result "1-0"]
[Board "2"]
[TimeControl "180+1"]
[WhiteFideId "2918978"]
[BlackFideId "30908329"]
[WhiteElo "2375"]
[BlackElo "2169"]
[WhiteTeam "BUL"]
[BlackTeam "USA"]
[WhiteClock "0:02:56"]
[BlackClock "0:01:42"]

1. e4 c6 2. d4 d5 3. Nd2 dxe4 4. Nxe4 Nf6 5. Ng5 h6 6. Nxf7 Kxf7 7. Nf3 e6 8. Bd3 Nbd7 9. O-O Bd6 10. Re1 Re8 11. Ne5+ Kg8 12. Qf3 Nf8 13. Bxh6 gxh6 14. Qg3+ Kh8 15. Nf7# 1-0

[Event "January 9 Early 2024"]
[Site "https://www.chess.com"]
[Date "2024.01.11"]
[Round "8"]
[White "Mabusela, Johannes Manyedi"]
[Black "Arslanov, Shamil"]
[Result "0-1"]
[Board "3"]
[TimeControl "180+1"]
[WhiteFideId "14300702"]
[BlackFideId "4192826"]
[WhiteElo "2416"]
[BlackElo "2635"]
[WhiteTeam "RSA"]
[BlackTeam "RUS"]
[WhiteClock "0:02:05"]
[BlackClock "0:02:37"]

1. d4 e5 2. dxe5 d6 3. exd6 Bxd6 4. Nf3 Nc6 5. e3 Bg4 6. Be2 Qe7 7. O-O O-O-O 8. Qe1 Nf6 9. Nbd2 h5 10. c3 Kb8 11. Nc4 Bxf3 12. Bxf3 Bxh2+ 13. Kxh2 Ng4+ 14. Kg1 Qh4 0-1

[Event "January 9 Early 2024"]
[Site "https://www.chess.com"]
[Date "2024.01.11"]
[Round "8"]
[White "Skibbe, Willi"]
[Black "Shevchuk, Olexandr"]
[Result "0-1"]
[Board "4"]
[TimeControl "180+1"]
[WhiteFideId "4682190"]
[BlackFideId "14113775"]
[WhiteElo "2370"]
[BlackElo "2511"]
[WhiteTeam "GER"]
[BlackTeam "UKR"]
[WhiteClock "0:02:19"]
[BlackClock "0:02:33"]

1. e4 c5 2. c3 d5 3. exd5 Qxd5 4. d4 Nf6 5. Nf3 e6 6. Be2 Nc6 7. O-O Be7 8. dxc5 Qxc5 9. Be3 Qf5 10. Na3 O-O 11. Bd3 Qh5 12. Nd4 Qxd1 13. Raxd1 Ne5 14. Be2 a6 15. Nc4 Nxc4 16. Bxc4 e5 17. Nf3 Bg4 18. h3 Bxf3 19. gxf3 Rfd8 20. Bb6 Rdc8 21. Bb3 Bd8 22. Be3 Bc7 23. Rd2 Rd8 24. Rfd1 Rxd2 25. Rxd2 Rd8 26. Rxd8+ Bxd8 27. Bd5 Nxd5 0-1

[Event "January 9 Early 2024"]
[Site "https://www.chess.com"]
[Date "2024.01.11"]
[Round "8"]
[White "Travkina, Anastasia"]
[Black "Tasev, Dejan"]
[Result "1-0"]
[Board "5"]
[TimeControl "180+1"]
[WhiteFideId "24129151"]
[BlackFideId "936618"]
[WhiteElo "2457"]
[BlackElo "2636"]
[WhiteTeam "RUS"]
[BlackTeam "SRB"]
[WhiteClock "0:01:55"]
[BlackClock "0:02:15"]

1. e4 c6 2. d4 d5 3. Nc3 dxe4 4. Nxe4 Bf5 5. Ng3 Bg6 6. h4 h6 7. N1e2 Nf6 8. Nf4 Bh7 9. Bc4 Nbd7 10. Nfh5 e5 11. O-O Be7 12. Nxg7+ Kf8 13. N3f5 Bxf5 14. Nxf5 exd4 15. Bxh6+ Kg8 16. Qf3 Kh7 17. Bd3 Ne5 18. Nxe7+ Nxd3 19. Qxf6 1-0

[Event "January 9 Early 2024"]
[Site "https://www.chess.com"]
[Date "2024.01.11"]
[Round "8"]
[White "Cordoba Roa, Angel Gabriel"]
[Black "Mesquita, Eduardo Barbosa"]
[Result "1-0"]
[Board "6"]
[TimeControl "180+1"]
[WhiteFideId "3957624"]
[BlackFideId "22757163"]
[WhiteElo "2622"]
[BlackElo "2433"]
[WhiteTeam "COL"]
[BlackTeam "BRA"]
[WhiteClock "0:02:18"]
[BlackClock "0:01:58"]

1. e4 c5 2. Nf3 d6 3. d4 cxd4 4. Nxd4 Nf6 5. Nc3 a6 6. Bg5 e6 7. f4 Nbd7 8. Qe2 h6 9. Bh4 Qc7 10. O-O-O b5 11. e5 b4 12. exf6 bxc3 13. Nxe6 cxb2+ 14. Kb1 Qc3 15. Nd4+ Kd8 16. fxg7+ Kc7 17. gxh8=Q Rb8 18. Ne6+ fxe6 19. Qxc3+ Nc5 20. Bf2 Rb5 21. Bxc5 Rxc5 22. Qxc5+ dxc5 23. Qe5+ Bd6 24. Qxd6+ Kb7 25. Bxa6+ Ka7 26. Bxc8 c4 27. Qc7+ Ka8 28. Qb7# 1-0

[Event "January 9 Early 2024"]
[Site "https://www.chess.com"]
[Date "2024.01.11"]
[Round "8"]
[White "Sava, Ana-Maria"]
[Black "Feliz Dotel, Dewar Bienvenido"]
[Result "0-1"]
[Board "10"]
[TimeControl "180+1"]
[WhiteFideId "1213504"]
[BlackFideId "6402801"]
[WhiteElo "1838"]
[BlackElo "2161"]
[WhiteTeam "ROU"]
[BlackTeam "DOM"]
[WhiteClock "0:01:49"]
[BlackClock "0:01:56"]

1. e4 c5 2. d4 cxd4 3. Qxd4 Nc6 4. Qe3 g6 5. Nf3 Bg7 6. c3 d6 7. Bc4 Nf6 8. h3 O-O 9. Na3 a6 10. Nc2 d5 11. exd5 Nxd5 12. Bxd5 Qxd5 13. Bd2 Bf5 14. O-O Bxc2 15. b3 Qd3 16. Rac1 Qxe3 17. Bxe3 Bd3 18. Rfd1 Be2 19. Rd2 Bxf3 20. gxf3 Rfd8 21. c4 Rxd2 22. Bxd2 Rd8 23. Be3 Bd4 24. Bf4 e5 25. Bg3 g5 26. h4 h6 27. hxg5 hxg5 28. Kg2 f5 29. Bh2 f4 30. Rg1 Kf7 31. Kh3 Kf6 32. Kg4 Rh8 0-1

[Event "January 9 Early 2024"]
[Site "https://www.chess.com"]
[Date "2024.01.11"]
[Round "8"]
[White "Fier, Alexandr"]
[Black "Delorme, Axel"]
[Result "1-0"]
[Board "11"]
[TimeControl "180+1"]
[WhiteFideId "2107139"]
[BlackFideId "632023"]
[WhiteElo "2741"]
[BlackElo "2515"]
[WhiteTeam "BRA"]
[BlackTeam "FRA"]
[WhiteClock "0:02:29"]
[BlackClock "0:00:40"]

1. d4 d5 2. Bg5 f6 3. Bd2 e5 4. e4 exd4 5. exd5 Qxd5 6. Nf3 Nc6 7. c3 Bg4 8. cxd4 Bxf3 9. gxf3 Nxd4 10. Bg2 O-O-O 11. O-O Ne7 12. Nc3 Qh5 13. f4 Qxd1 14. Rfxd1 Nec6 15. Rac1 Bb4 16. Kf1 Rhe8 17. Be3 Nf5 18. Nd5 Nxe3+ 19. fxe3 Bd6 20. a3 f5 21. b4 Ne7 22. Nc3 Ng8 23. Nb5 a6 24. Nxd6+ 1-0

[Event "January 9 Early 2024"]
[Site "https://www.chess.com"]
[Date "2024.01.11"]
[Round "8"]
[White "Mammadzada, Gunay"]
[Black "Cieslak, Patryk"]
[Result "0-1"]
[Board "12"]
[TimeControl "180+1"]
[WhiteFideId "13403729"]
[BlackFideId "21078882"]
[WhiteElo "2530"]
[BlackElo "2698"]
[WhiteTeam "AZE"]
[BlackTeam "POL"]
[WhiteClock "0:00:16"]
[BlackClock "0:02:37"]

1. e4 c5 2. Nf3 d6 3. d4 cxd4 4. Nxd4 Nf6 5. Nc3 Nc6 6. f3 e5 7. Nb3 Be6 8. Nd5 Be7 9. c4 O-O 10. Be3 Nb8 11. Qd2 Bxd5 12. exd5 a5 13. a4 Nbd7 14. O-O-O b6 15. Kb1 Nc5 16. Nxc5 bxc5 17. Qc2 Rb8 18. Bc1 Nd7 19. Bd3 g6 20. g4 Bg5 21. h4 Bxc1 22. Rxc1 Rb4 23. Qd1 Nb6 24. b3 Nxa4 25. Ka2 Qb6 26. Rh2 Rb8 0-1

[Event "January 9 Early 2024"]
[Site "https://www.chess.com"]
[Date "2024.01.11"]
[Round "8"]
[White "Hambleton, Aman"]
[Black "Antunez Soler, Luis"]
[Result "1-0"]
[Board "13"]
[TimeControl "180+1"]
[WhiteFideId "2606577"]
[BlackFideId "3513335"]
[WhiteElo "2760"]
[BlackElo "2593"]
[WhiteTeam "CAN"]
[BlackTeam "CUB"]
[WhiteClock "0:02:02"]
[BlackClock "0:00:45"]

1. d4 d5 2. Bf4 Nf6 3. e3 c5 4. c3 Nc6 5. Nd2 Qb6 6. Qb3 c4 7. Qxb6 axb6 8. a3 b5 9. Rc1 Bf5 10. Ngf3 h6 11. Be2 e6 12. O-O Nd7 13. Bd1 Nb6 14. Bc2 Na4 15. Bxf5 exf5 16. Rc2 f6 17. h3 g5 18. Bh2 Kd7 19. g4 fxg4 20. hxg4 b4 21. axb4 Bxb4 22. e4 dxe4 23. Nxe4 Be7 24. d5 Na5 25. d6 Bd8 26. Nd4 Nc6 27. Nf5 Ra5 28. Ra1 h5 29. Rxa4 1-0

[Event "January 9 Early 2024"]
[Site "https://www.chess.com"]
[Date "2024.01.11"]
[Round "8"]
[White "Cupid, Kevin"]
[Black "Mizzi, Jack"]
[Result "0-1"]
[Board "14"]
[TimeControl "180+1"]
[WhiteFideId "7700512"]
[BlackFideId "5602521"]
[WhiteElo "2335"]
[BlackElo "2498"]
[WhiteTeam "TTO"]
[BlackTeam "MLT"]
[WhiteClock "0:00:32"]
[BlackClock "0:01:55"]

1. e4 c6 2. d3 d5 3. Nd2 e5 4. Ngf3 Nd7 5. g3 Ngf6 6. Bg2 Be7 7. O-O O-O 8. Re1 Qc7 9. Nh4 Nc5 10. Nb3 dxe4 11. Nxc5 Bxc5 12. dxe4 Ng4 13. Re2 f5 14. b4 Bxf2+ 15. Rxf2 Nxf2 16. Kxf2 Qb6+ 17. Be3 fxe4+ 0-1

[Event "January 9 Early 2024"]
[Site "https://www.chess.com"]
[Date "2024.01.11"]
[Round "8"]
[White "Boldoo, Erdenepurev"]
[Black "Rosenberg, Evan S"]
[Result "0-1"]
[Board "15"]
[TimeControl "180+1"]
[WhiteFideId "4901037"]
[BlackFideId "2019299"]
[WhiteElo "2539"]
[BlackElo "2408"]
[WhiteTeam "MGL"]
[BlackTeam "USA"]
[WhiteClock "0:00:59"]
[BlackClock "0:01:30"]

1. d4 d5 2. c4 e6 3. Nf3 Nf6 4. g3 c5 5. Bg2 dxc4 6. O-O Nc6 7. Qa4 cxd4 8. Nxd4 Qxd4 9. Bxc6+ Bd7 10. Rd1 Qxd1+ 11. Qxd1 Bxc6 12. Bg5 Ne4 13. Be3 Rd8 14. Qc2 b5 15. a4 a6 16. axb5 axb5 17. Ra6 Bd5 18. Na3 Bc5 19. Bxc5 Nxc5 20. Ra5 Be4 21. Qc1 Nb3 22. Qa1 Nxa1 0-1

[Event "January 9 Early 2024"]
[Site "https://www.chess.com"]
[Date "2024.01.11"]
[Round "8"]
[White "Kurmangaliyeva, Liya"]
[Black "Maksimovic, Bojan"]
[Result "1-0"]
[Board "16"]
[TimeControl "180+1"]
[WhiteFideId "13725831"]
[BlackFideId "14408120"]
[WhiteElo "2547"]
[BlackElo "2861"]
[WhiteTeam "KAZ"]
[BlackTeam "BIH"]
[WhiteClock "0:00:56"]
[BlackClock "0:02:14"]

1. d4 a6 2. e4 e6 3. Nf3 d5 4. e5 c5 5. c3 Bd7 6. Bd3 cxd4 7. cxd4 Bb5 8. Bxb5+ axb5 9. O-O Nc6 10. Bg5 Be7 11. h4 h6 12. Bxe7 Ngxe7 13. Nc3 Qb6 14. Qd3 b4 15. Ne2 O-O 16. Rfc1 Qa6 17. Qd2 Rfc8 18. Nf4 Na5 19. Qxb4 Rxc1+ 20. Rxc1 Nac6 21. Qc3 Qxa2 22. Nd3 Qa5 23. Nc5 b6 24. Nd3 Qb5 25. Nd2 Nf5 26. Qxc6 Qxd3 27. Qxa8+ Kh7 28. Nf3 Qb3 29. Qa3 Qb5 30. Qc3 Qe2 31. Qc2 Qb5 32. g4 g6 33. gxf5 gxf5 34. Kg2 Qe8 35. Kh2 Qg8 36. Rg1 Qd8 37. Qd2 f6 38. Qf4 Qe7 39. exf6 Qf7 40. Ne5 Qxf6 41. Rg6 Qxh4+ 42. Qxh4 h5 43. Qxh5# 1-0

[Event "January 9 Early 2024"]
[Site "https://www.chess.com"]
[Date "2024.01.11"]
[Round "8"]
[White "Rakhmatullaev, Almas"]
[Black "Djokic, Mihailo"]
[Result "1-0"]
[Board "17"]
[TimeControl "180+1"]
[WhiteFideId "14205793"]
[BlackFideId "976440"]
[WhiteElo "2838"]
[BlackElo "2671"]
[WhiteTeam "UZB"]
[BlackTeam "SRB"]
[WhiteClock "0:01:06"]
[BlackClock "0:01:47"]

1. e4 c5 2. Nf3 d6 3. d4 cxd4 4. Qxd4 a6 5. Be2 Nc6 6. Qe3 g6 7. O-O Bg7 8. h3 Nf6 9. Rd1 O-O 10. Nc3 Be6 11. Rb1 Rc8 12. a3 b5 13. Qf4 Re8 14. Qh4 Ne5 15. Nxe5 Qb6 16. Be3 Qb7 17. Nf3 Rxc3 18. bxc3 Nxe4 19. Ng5 Nxc3 20. Qxh7+ Kf8 21. Nxe6+ fxe6 22. Bf3 d5 23. Bh6 Bxh6 24. Qxh6+ Kf7 25. Rd4 e5 26. Rg4 Rg8 27. Rb3 Qc7 28. Qe3 d4 29. Qd3 e6 30. h4 Na4 31. Be4 Nc5 32. Bxg6+ Ke7 33. Qf3 Rf8 34. Qg3 Nxb3 35. Qxb3 Qc5 36. Bd3 Kd6 37. Rg6 Qd5 38. Qb4+ 1-0

[Event "January 9 Early 2024"]
[Site "https://www.chess.com"]
[Date "2024.01.11"]
[Round "8"]
[White "Coca Cubillos, Jesus Alberto"]
[Black "Aashman Gupta"]
[Result "0-1"]
[Board "18"]
[TimeControl "180+1"]
[WhiteFideId "4462912"]
[BlackFideId "45022500"]
[WhiteElo "2562"]
[BlackElo "2487"]
[WhiteTeam "COL"]
[BlackTeam "IND"]
[WhiteClock "0:02:00"]
[BlackClock "0:01:20"]

1. f4 d5 2. Nf3 g6 3. e3 Bg7 4. d4 Nf6 5. c3 O-O 6. Bd3 Bf5 7. Qc2 Bxd3 8. Qxd3 Ne4 9. Nbd2 Nxd2 10. Bxd2 Nd7 11. O-O Nf6 12. Be1 Ne4 13. Nd2 Nxd2 14. Bxd2 e6 15. e4 dxe4 16. Qxe4 Qd5 17. Rfe1 Rad8 18. g3 c5 19. Qxd5 Rxd5 20. Rad1 cxd4 21. c4 Rd7 22. Kf2 Rfd8 23. Ke2 d3+ 24. Kf3 Bxb2 25. Rb1 Bf6 26. Rb3 b6 27. a4 Rc8 28. Rc1 Rd4 29. a5 Rdxc4 30. Rxc4 Rxc4 31. axb6 axb6 32. Rxb6 Rc2 33. Rb8+ Kg7 34. Ke3 Bc3 35. Bxc3+ Rxc3 36. Rd8 Rc2 37. h3 Re2+ 38. Kf3 Rd2 39. h4 Rd1 40. h5 gxh5 41. Kf2 d2 42. Kg2 Kf6 43. Kf2 Rh1 44. Rxd2 Rh2+ 45. Ke3 Rxd2 46. Kxd2 Kf5 47. Ke3 Kg4 48. Kf2 h4 49. gxh4 Kxf4 0-1

[Event "January 9 Early 2024"]
[Site "https://www.chess.com"]
[Date "2024.01.11"]
[Round "8"]
[White "Kuhn, Clement"]
[Black "Buscar, Michael"]
[Result "1-0"]
[Board "19"]
[TimeControl "180+1"]
[WhiteFideId "36099775"]
[BlackFideId "2603616"]
[WhiteElo "2577"]
[BlackElo "2422"]
[WhiteTeam "FRA"]
[BlackTeam "CAN"]
[WhiteClock "0:01:25"]
[BlackClock "0:00:54"]

1. d4 Nf6 2. c4 e6 3. Nc3 d5 4. cxd5 exd5 5. Bg5 Be7 6. e3 O-O 7. Qc2 c6 8. Bd3 Nbd7 9. Nge2 Re8 10. O-O Nf8 11. f3 g6 12. e4 Ne6 13. Be3 dxe4 14. Nxe4 Nd5 15. Bf2 Nb4 16. Qb3 Nxd3 17. Qxd3 Nc5 18. Qc2 Nd7 19. N2c3 Nf6 20. Rfe1 Bf5 21. Rad1 Nd5 22. Qb3 Be6 23. Qxb7 Rb8 24. Qxc6 Rxb2 25. Rb1 Rc2 26. Rec1 Rxc1+ 27. Rxc1 Nb4 28. Qb5 Nxa2 29. Ra1 Nxc3 30. Nxc3 Qc7 31. Qxe8+ Bf8 32. Ne4 1-0

[Event "January 9 Early 2024"]
[Site "https://www.chess.com"]
[Date "2024.01.11"]
[Round "8"]
[White "Tiarks, Jann-Christian"]
[Black "Hernandez Santos, David Ale"]
[Result "1-0"]
[Board "20"]
[TimeControl "180+1"]
[WhiteFideId "12951595"]
[BlackFideId "5132002"]
[WhiteElo "2452"]
[BlackElo "2026"]
[WhiteTeam "GER"]
[BlackTeam "MEX"]
[WhiteClock "0:02:00"]
[BlackClock "0:00:18"]

1. e4 c5 2. c3 e6 3. d4 d5 4. e5 cxd4 5. cxd4 Qb6 6. Nc3 Nc6 7. Nf3 Nge7 8. Bd3 Nb4 9. Bb1 Bd7 10. O-O Nbc6 11. a3 Ng6 12. b4 Be7 13. Na4 Qc7 14. Bd3 a6 15. Be3 b5 16. Nc5 Bxc5 17. bxc5 O-O 18. h4 Rfb8 19. Ng5 h6 20. Nxf7 Kxf7 21. Qh5 Be8 22. Qxg6+ Kf8 23. Qxe6 Qf7 24. Qxf7+ Kxf7 25. f4 Bd7 26. f5 Ke7 27. f6+ gxf6 28. Rxf6 Rf8 29. Raf1 h5 30. Bg5 Rxf6 31. Rxf6 Ke8 32. Bg6+ Kd8 33. Rxc6# 1-0

[Event "January 9 Early 2024"]
[Site "https://www.chess.com"]
[Date "2024.01.11"]
[Round "8"]
[White "Sethuraman, S.P."]
[Black "Malek, Jan"]
[Result "1-0"]
[Board "21"]
[TimeControl "180+1"]
[WhiteFideId "5021596"]
[BlackFideId "21864080"]
[WhiteElo "2884"]
[BlackElo "2723"]
[WhiteTeam "IND"]
[BlackTeam "POL"]
[WhiteClock "0:01:45"]
[BlackClock "0:00:12"]

1. e4 c6 2. d4 d5 3. e5 Bf5 4. h4 h5 5. c4 e6 6. Nc3 Ne7 7. Bg5 Qb6 8. Qd2 Nd7 9. Nge2 dxc4 10. Ng3 Bd3 11. Bxd3 cxd3 12. Qxd3 Nd5 13. O-O Qa6 14. Qf3 g6 15. Rac1 Bb4 16. Nxd5 cxd5 17. Rc7 Qb5 18. Rfc1 O-O 19. Qb3 Qb6 20. Rxd7 Rfc8 21. Rxc8+ Rxc8 22. Qf3 Rf8 23. Bh6 1-0

[Event "January 9 Early 2024"]
[Site "https://www.chess.com"]
[Date "2024.01.11"]
[Round "8"]
[White "Vela Frago, Alberto"]
[Black "Baules Rodriguez, Jorge Luis"]
[Result "1-0"]
[Board "22"]
[TimeControl "180+1"]
[WhiteFideId "24531685"]
[BlackFideId "6600247"]
[WhiteElo "2408"]
[BlackElo "2581"]
[WhiteTeam "ESP"]
[BlackTeam "PAN"]
[WhiteClock "0:01:35"]
[BlackClock "0:00:26"]

1. e4 c5 2. c3 Nf6 3. e5 Nd5 4. d4 cxd4 5. Nf3 Nc6 6. Bc4 Nb6 7. Bb3 d6 8. exd6 Qxd6 9. Na3 Bf5 10. Nb5 Qd7 11. Nbxd4 Nxd4 12. Nxd4 Bg6 13. O-O e6 14. a4 a5 15. Qe2 Bc5 16. Rd1 Bxd4 17. Rxd4 Qc6 18. Bf4 O-O 19. Rd6 Qc5 20. Rad1 Nd5 21. Bxd5 exd5 22. R1xd5 Qc8 23. h3 Re8 24. Qd2 Be4 25. Rd4 Bc6 26. Bg5 Qf5 27. Kh2 Re6 28. Rd8+ Re8 29. Rxa8 Rxa8 30. Rd8+ 1-0

[Event "January 9 Early 2024"]
[Site "https://www.chess.com"]
[Date "2024.01.11"]
[Round "8"]
[White "Bryakin, Mikhail"]
[Black "Tarhan, Adar"]
[Result "1-0"]
[Board "23"]
[TimeControl "180+1"]
[WhiteFideId "4165314"]
[BlackFideId "34544712"]
[WhiteElo "2848"]
[BlackElo "2688"]
[WhiteTeam "SRB"]
[BlackTeam "TUR"]
[WhiteClock "0:01:12"]
[BlackClock "0:01:15"]

1. e4 c6 2. d4 d5 3. e5 Bf5 4. g4 Bg6 5. h4 h6 6. h5 Bh7 7. e6 fxe6 8. Bd3 Nf6 9. Bxh7 Nxh7 10. Nf3 Nd7 11. Bf4 Qb6 12. b3 Nhf6 13. Ne5 Nxe5 14. Bxe5 Nd7 15. f4 c5 16. c3 Rc8 17. Rh3 Nxe5 18. dxe5 Rg8 19. Qd3 c4 20. Qe3 Qxe3+ 21. Rxe3 g6 22. hxg6 Rxg6 23. Rg3 h5 24. g5 Bg7 25. Nd2 cxb3 26. axb3 a6 27. Ke2 Kd7 28. Rh1 Rh8 29. Rgh3 Rf8 30. Ke3 Bxe5 31. fxe5 Rxg5 32. Nf3 Rg4 33. Kd3 Re4 34. Rg3 h4 35. Nxh4 Rh8 36. Rgh3 Rg8 37. Nf3 b5 38. Rh4 Rg3 39. Rxe4 dxe4+ 40. Kxe4 Kc6 41. Rh6 Kc5 42. Rxe6 a5 43. Rxe7 b4 44. cxb4+ Kxb4 45. Rb7+ 1-0

[Event "January 9 Early 2024"]
[Site "https://www.chess.com"]
[Date "2024.01.11"]
[Round "8"]
[White "Guevara Sanchez, Erick Marvin"]
[Black "Crocker, Philip J"]
[Result "1-0"]
[Board "24"]
[TimeControl "180+1"]
[WhiteFideId "6700136"]
[BlackFideId "403180"]
[WhiteElo "2212"]
[BlackElo "2079"]
[WhiteTeam "ESA"]
[BlackTeam "ENG"]
[WhiteClock "0:01:30"]
[BlackClock "0:00:25"]

1. e4 Nf6 2. e5 Nd5 3. c4 Nb6 4. c5 Nd5 5. Nc3 c6 6. Nxd5 cxd5 7. d4 d6 8. cxd6 exd6 9. f4 dxe5 10. dxe5 Bb4+ 11. Bd2 Qa5 12. Nf3 O-O 13. Bd3 Bxd2+ 14. Nxd2 Nc6 15. O-O f5 16. Kh1 Be6 17. Nf3 h6 18. Nh4 g6 19. Nxg6 Rf7 20. Qh5 Kh7 21. Nh4 Ne7 22. g4 Rg8 23. gxf5 Nxf5 24. Bxf5+ Rxf5 25. Nxf5 Bxf5 26. Qxf5+ Kh8 27. Qf6+ Kh7 28. Rg1 1-0

[Event "January 9 Early 2024"]
[Site "https://www.chess.com"]
[Date "2024.01.11"]
[Round "8"]
[White "Limontaite, Simona"]
[Black "Hejazipour, Mitra"]
[Result "1-0"]
[Board "25"]
[TimeControl "180+1"]
[WhiteFideId "12802506"]
[BlackFideId "12505951"]
[WhiteElo "2325"]
[BlackElo "2432"]
[WhiteTeam "LTU"]
[BlackTeam "FRA"]
[WhiteClock "0:01:04"]
[BlackClock "0:01:21"]

1. d4 Nf6 2. c4 e6 3. Nc3 Bb4 4. Qc2 c5 5. dxc5 Na6 6. a3 Bxc3+ 7. Qxc3 Nxc5 8. e3 O-O 9. Nf3 Nce4 10. Qc2 d5 11. Bd3 b6 12. O-O Bb7 13. Rd1 Qe7 14. cxd5 exd5 15. Nd4 Rac8 16. Qe2 Qe5 17. f3 Nd6 18. Bd2 Rfe8 19. Qf2 Nc4 20. Bxc4 dxc4 21. e4 g6 22. Bc3 Qg5 23. h4 Qf4 24. Ne2 Nxe4 25. Nxf4 Nxf2 26. Kxf2 Rcd8 27. Bf6 Rxd1 28. Rxd1 Bc6 29. Rd8 Rxd8 30. Bxd8 Kf8 31. Ke3 Ke8 32. Bf6 Kd7 33. Nh3 Ke6 34. Bd4 h5 35. Ng5+ Ke7 36. Ne4 Ke6 37. Nd2 Bd5 38. Nb1 Bc6 39. Nc3 Kf5 40. g3 Ke6 41. Kf4 Kd6 42. g4 Kc7 43. Ne4 a6 44. gxh5 gxh5 45. Nf6 b5 46. Nxh5 Kd6 47. Nf6 1-0

[Event "January 9 Early 2024"]
[Site "https://www.chess.com"]
[Date "2024.01.11"]
[Round "8"]
[White "Prudnykova, Olga"]
[Black "Hartikainen, Jarmo"]
[Result "1-0"]
[Board "26"]
[TimeControl "180+1"]
[WhiteFideId "14121093"]
[BlackFideId "503134"]
[WhiteElo "2264"]
[BlackElo "2151"]
[WhiteTeam "ISL"]
[BlackTeam "FIN"]
[WhiteClock "0:01:26"]
[BlackClock "0:00:20"]

1. e4 c5 2. Nf3 Nc6 3. Nc3 Nf6 4. e5 Ng4 5. Qe2 Qc7 6. Nd5 Qb8 7. d4 cxd4 8. Bf4 e6 9. h3 Nh6 10. Bxh6 gxh6 11. Nf6+ Kd8 12. O-O-O Be7 13. Qe4 d5 14. Qf4 Bd7 15. Nxd7 Kxd7 16. Bb5 a6 17. Bxc6+ bxc6 18. Kb1 Qb6 19. Nxd4 Rab8 20. b3 a5 21. Qxf7 c5 22. Nxe6 Qxe6 23. Rxd5+ Qxd5 24. Qxd5+ Kc7 25. Qf7 Rhe8 26. Rd1 Rbd8 27. Rxd8 Kxd8 28. Qxh7 Bg5 29. Qf5 Kc7 30. f4 Rf8 31. Qxf8 1-0

[Event "January 9 Early 2024"]
[Site "https://www.chess.com"]
[Date "2024.01.11"]
[Round "8"]
[White "Erigaisi Arjun"]
[Black "Vlassov, Nikolai"]
[Result "1-0"]
[Board "27"]
[TimeControl "180+1"]
[WhiteFideId "35009192"]
[BlackFideId "4103360"]
[WhiteElo "3017"]
[BlackElo "2670"]
[WhiteTeam "IND"]
[BlackTeam "FID"]
[WhiteClock "0:02:09"]
[BlackClock "0:00:11"]

1. c4 e5 2. d3 Nf6 3. a3 c6 4. Nf3 Qc7 5. Bg5 Be7 6. Nc3 d6 7. e3 Bg4 8. Be2 Nbd7 9. O-O h6 10. Bh4 O-O 11. h3 Bf5 12. d4 e4 13. Nd2 d5 14. Rc1 Qd8 15. Qb3 dxc4 16. Qxb7 Rb8 17. Qxa7 Rxb2 18. Nxc4 Rb8 19. Bg3 Ra8 20. Qb7 Bxa3 21. Nxa3 Rxa3 22. Bd6 Qa8 23. Qxa8 Rfxa8 24. Bxa3 Rxa3 25. Nb1 Ra2 26. Bc4 Rb2 27. Na3 Nd5 28. Rb1 Rd2 29. Rfd1 Rxd1+ 30. Rxd1 Be6 31. Rc1 f5 32. Ba2 Nb8 33. Rc5 Kf7 34. Nc4 Ke7 35. Ra5 Nd7 36. Ne5 Nxe5 37. dxe5 Nc7 38. Ra7 Bxa2 39. Rxc7+ Ke6 40. Rxc6+ Kxe5 41. Rg6 1-0